AoeStats
← memcosh

Arabia

505730045Analyzed
1v1 RM · 22d ago on Sep 10, 2026· 63m 3s· 2 players
Game mode
Random Map
Map size
Tiny (2 player)
Population
200
Speed
Normal
Resources
Standard
Victory
Conquest
Starting age
Dark Age
Ending age
Imperial Age
RankedLock teamsTeams togetherTeam positionsShared explorationLock speedFull tech treeHidden civsTurbo modeCheats
Victory
Defeat
🇫🇷 Cumans · France
941
+16
🇺🇸 Celts · United States
938
-16
memcosh
0:27 Loom
11:45 Feudal Age
13:06 Wheelbarrow
12:19 Double-Bit Axe
18:05 Castle Age
16:14 Horse Collar
16:56 Forging
17:25 Scale Mail Armor
17:16 Fletching
17:23 Man-at-Arms
17:49 Arson
18:05 Gold Mining
18:14 Long Swordsman
19:38 Heavy Plow
23:07 Gambesons
28:59 Hand Cart
32:10 Pikeman
33:09 Town Watch
35:00 Elite Skirmisher
44:30 Imperial Age
43:16 Bodkin Arrow
43:22 Padded Archer Armor
43:39 Chain Mail Armor
46:49 Conscription
47:57 Conscription
55:24 Leather Archer Armor
59:32 Gold Shaft Mining
59:11 Bow Saw
60:30 Ballistics
ConstantChiot12
0:31 Loom
10:27 Feudal Age
11:58 Wheelbarrow
12:17 Double-Bit Axe
12:14 Horse Collar
18:10 Town Watch
22:31 Castle Age
21:11 Stone Mining
21:11 Gold Mining
22:00 Fletching
23:17 Heavy Plow
23:33 Bow Saw
23:35 Bodkin Arrow
23:50 Forging
24:32 Scale Barding Armor
27:20 Ballistics
29:06 Hand Cart
28:53 Murder Holes
30:15 Gold Shaft Mining
30:20 Iron Casting
30:06 Steppe Husbandry
33:08 Imperial Age
30:49 Padded Archer Armor
32:26 Iron Casting
31:58 Scale Barding Armor
35:10 Imperial Age
35:53 Leather Archer Armor
36:27 Bloodlines
35:43 Light Cavalry
37:26 Blast Furnace
38:12 Chemistry
37:51 Chain Barding Armor
37:35 Hussar
40:20 Conscription
43:12 Parthian Tactics
43:36 Town Watch
50:44 Ring Archer Armor
54:15 Plate Barding Armor
53:40 Scale Mail Armor
53:47 Thumb Ring
59:56 Town Patrol
59:25 Onager
Connection lost

Rejoining the realm…

Still unreachable

The connection could not be restored.

Session expired

The server has moved on; the page needs a fresh start.